 Dungeon Crawl Stone Soup version 0.31-a0-182-gc5ef74bbde (webtiles) character file.

Game seed: 3354013216644950899

58078 qw the Severer (level 14, -3/92 HPs)
             Began as a Gargoyle Fighter on June 21, 2023.
             Was an Elder of Okawaru.
             Killed by divine providence
             ... invoked by a meliai
              (12 damage)
             ... on level 14 of the Dungeon.
             The game lasted 00:10:12 (21478 turns).

qw the Severer (Gargoyle Fighter)                  Turns: 21478, Time: 00:10:13

Health: -3/92      AC: 41    Str: 27    XL:     14   Next: 89%
Magic:  21/21      EV:  9    Int:  9    God:    Okawaru [****..]
Gold:   274        SH:  6    Dex:  7    Spells: 13/13 levels left

rFire   . . .        D - +2 war axe (vamp)
rCold   + . .        c - +0 buckler
rNeg    + . .        b - +0 plate armour
rPois   inf          z - +2 helmet
rElec   +            E - +0 cloak
rCorr   .            A - +2 pair of gloves of the Heavens {*Corrode +Blink rPois Str+2}
SInv    +            y - +2 pair of boots
Will    +....        g - amulet of faith Stlth
                     e - ring of protection from cold
HPRegen 0.35/turn    r - ring of see invisible
MPRegen 0.17/turn

%: corrode self (3%), faith
@: heroic, flying
A: sickness immunity, AC +10, big wings, negative energy resistance 1,
electricity resistance, torment resistance 1, petrification resistance, talons
1, clumsy 1
a: Renounce Religion, Evoke Blink, Heroism, Finesse


You were on level 14 of the Dungeon.
You worshipped Okawaru.
Okawaru was greatly pleased with you.
You visited 3 branches of the dungeon, and saw 20 of its levels.

You collected 1462 gold pieces.
You spent 1188 gold pieces at shops.


Innate Abilities, Weirdness & Mutations

You are immune to sickness and miasma.
Your stone body is resilient. (AC +10)
You are immune to poison.
Your large and strong wings let you fly.
You resist negative energy. (rN+)
You are resistant to electric shocks. (rElec)
You are resistant to unholy torment.
You are immune to petrification.
You have sharp toenails.
You are clumsy. (Dex -2)


   Skills:
 - Level 12.0(17.0) Fighting
 + Level 15.6(20.6) Axes
 - Level 6.0(11.0) Throwing
 - Level 12.0(17.0) Armour
 - Level 2.1(7.1) Dodging
 - Level 7.3(12.3) Shields
 - Level 10.0 Invocations


You had 13 spell levels left.
You didn't know any spells.
Your spell library was empty.

Inventory:

Hand Weapons
 v - a +0 war axe of draining
 x - a +0 war axe
 D - a +2 vampiric war axe (weapon)
 F - a +0 morningstar
Missiles
 l - 3 silver boomerangs
 q - 4 javelins
 t - 16 boomerangs
 H - 2 silver javelins (quivered)
Armour
 b - a +0 plate armour (worn)
 c - a +0 buckler (worn)
 y - a +2 pair of boots (worn)
 z - a +2 helmet (worn)
 A - the +2 pair of gloves of the Heavens (worn) {*Corrode +Blink rPois Str+2}
   (You acquired it on level 2 of the Lair of Beasts)

   Str:       It affects your strength (+2).
   rPois:     It protects you from poison.
   +Blink:    It lets you blink.
   *Corrode:  It may corrode you when you take damage.
 E - a +0 cloak (worn)
Jewellery
 e - a ring of protection from cold (left hand)
 g - an amulet of faith (around neck)
 o - an amulet of guardian spirit
 r - a ring of see invisible (right hand)
 s - a ring of ice
Scrolls
 a - 7 scrolls of teleportation
 j - a scroll of vulnerability {unknown}
 p - 10 scrolls of identify
 G - a scroll of brand weapon
 I - 3 scrolls of summoning {unknown}
Potions
 d - 5 potions of might
 f - 4 potions of heal wounds
 h - 2 potions of magic
 i - 8 potions of curing
 k - a potion of haste
 m - 4 potions of lignification
 n - 6 potions of attraction
 u - 5 potions of enlightenment
 w - a potion of resistance
 B - a potion of cancellation
 C - 2 potions of mutation

Dungeon Overview and Level Annotations

Branches:
Dungeon (14/15)            Temple (1/1) D:4            Lair (5/5) D:9
 Shoals (0/4) Lair:2       Spider (0/4) Lair:2        Slime (0/5) Lair:5
    Orc (0/2) D:10         Vaults (0/5) D:14

Altars:
Ashenzari
Cheibriados
Dithmenos
Elyvilon
Fedhas
Gozag
Hepliaklqana
Kikubaaqudgha
Makhleb
Nemelex Xobeh
Okawaru
Qazlal
Ru
Sif Muna
Trog
Uskayaw
Vehumet
Wu Jian
Xom
Yredelemnul
Zin
The Shining One
Jiyva

Shops:
D:14 *

Annotations:
D:10 1 runed translucent door, qw's ghost, journeyman GrFi


Message History

The meliai calls down the wrath of its god upon you.
Something smites you!
The killer bee moves out of view.
You hear an angry buzzing noise.
You miss the killer bee. The killer bee closely misses you.
You slice the killer bee!!
You feel better.
You kill the killer bee!
Okawaru accepts your kill.
You slice the meliai!!
You feel better.
The meliai is almost dead.
The meliai hits you but does no damage.
The meliai stings you but does no damage.
The meliai invokes the aid of its god against you.
Something smites you! The meliai hits you with a +0 war axe.
The meliai stings you but does no damage.
You closely miss the meliai.
The meliai is almost dead.
The meliai hits you with a +0 war axe. The meliai stings you.
The meliai calls upon its god to heal the meliai.
The meliai is healed somewhat.
You hit the meliai but do no damage.
The meliai is heavily wounded.
The meliai hits you but does no damage.
The meliai stings you but does no damage.
The meliai calls upon its god to heal the meliai.
The meliai is healed somewhat.
The meliai hits you but does no damage.
The meliai stings you but does no damage.
You barely miss the meliai.
The meliai is moderately wounded.
The meliai barely misses you.
The meliai stings you but does no damage.
You slash the meliai!
The meliai is almost dead.
The meliai mumbles some strange prayers to its god against you.
Something smites you!
The meliai calls down the wrath of its god upon you.
Something smites you!
The meliai invokes the aid of its god against you.
Something smites you!
You die... ## .! y### yy#

#y# ########## #@#
#........######.#
##.[..........#..#
................##
##............###
#..(.........#
#............#
#............#
##............#


You could see 2 meliai and 2 killer bees.

Vanquished Creatures
  A dire elephant (Lair:5)
  An ettin (D:14)
  Josephine (D:12)
  2 hydras
  Erolcha (D:10)
  2 catoblepae (Lair:5)
  A death knight (D:14)
  4 centaur warriors
  2 boulder beetles
  A deep troll shaman (Lair:5)
  4 two-headed ogres
  10 death yaks
  2 sun demons (D:9)
  A skyshark (Lair:5)
  A lindwurm (Lair:4)
  A wizard (D:14)
  2 cyclopes
  7 ugly things
  2 deep elf pyromancers (D:12)
  A cyclops (shapeshifter) (D:14)
  3 elephants (Lair:5)
  2 manticores
  5 black mambas
  A guardian serpent (shapeshifter) (D:14)
  Maggie (D:10)
  A gargoyle (D:10)
  An orange demon (D:9)
  5 cane toads
  4 rime drakes
  2 kobold demonologists (D:12)
  3 freezing wraiths
  6 komodo dragons
  5 polar bears
  A red devil (D:9)
  A queen bee (D:14)
  5 trolls
  A meliai (D:14)
  A wind drake (Lair:2)
  2 hornets
  5 dream sheep (Lair:5)
  4 blink frogs (Lair:5)
  8 slime creatures
  2 shadows
  7 wraiths
  3 wyverns
  26 yaks
  5 basilisks
  A chaos spawn (D:8)
  2 steam dragons
  7 vampire mosquitoes
  A neqoxec (D:9)
  2 acid dragons
  A swamp worm (shapeshifter) (D:14)
  11 water moccasins
  Duvessa (D:4)
  3 orc warriors
  A black bear (shapeshifter) (D:13)
  3 sky beasts
  4 black bears
  3 ogres
  30 wolves
  10 centaurs
  5 kobold brigands
  8 bullfrogs
  13 wights
  Dowan (D:4)
  13 killer bees
  5 howler monkeys
  3 electric eels (D:10)
  4 quasits (D:9)
  4 hounds
  6 orc priests
  2 jellies (D:6)
  4 iguanas
  Natasha (thrice) (D:3)
  A sleepcap (D:7)
  7 orc wizards
  7 gnolls (D:5)
  8 adders
  3 white imps
  An ufetubus (D:5)
  2 worms
  A dart slug (D:3)
  33 orcs
  7 endoplasms
  6 giant cockroaches
  9 hobgoblins
  10 jackals
  19 kobolds
  5 quokkas
  12 ball pythons
  11 bats
  5 frilled lizards
  6 goblins
  4 rats
465 creatures vanquished.

Notes
Turn   | Place    | Note
-------+----------+-------------------------------------------
     0 | D:1      | qw the Gargoyle Fighter began the quest for the Orb.
     0 | D:1      | Reached XP level 1. HP: 14/14 MP: 1/1
     0 | D:1      | 0 ||| qw: Version: 0.3-a-9-g12657ce
     0 | D:1      | 0 ||| qw: Game counter: 1625
     0 | D:1      | 0 ||| qw: Always use a shield: true
     0 | D:1      | 0 ||| qw: God list: Okawaru
     0 | D:1      | 0 ||| qw: Allow faded altars: false
     0 | D:1      | 0 ||| qw: Do Orc after D:15 true
     0 | D:1      | 0 ||| qw: Do second Lair branch before Depths: true
     0 | D:1      | 0 ||| qw: Lair rune preference: random
     0 | D:1      | 0 ||| qw: Plans: Normal, Zot:1-4, Slime:5, God:TSO, Crypt,
                  | Tomb, Abyss, Pan, Hells, Win
     0 | D:1      | 0 ||| PLANNING D:1-11
    50 | D:1      | Reached skill level 2 in Axes
    87 | D:1      | Reached XP level 2. HP: 19/19 MP: 2/2
    89 | D:1      | 89 ||| Stepping ~*~*~tactically~*~*~ (stealth).
    90 | D:1      | 90 ||| Stepping ~*~*~tactically~*~*~ (stealth).
    91 | D:1      | 91 ||| Stepping ~*~*~tactically~*~*~ (stealth).
   124 | D:1      | 124 ||| Stepping ~*~*~tactically~*~*~ (stealth).
   125 | D:1      | 125 ||| Stepping ~*~*~tactically~*~*~ (stealth).
   126 | D:1      | 126 ||| Stepping ~*~*~tactically~*~*~ (stealth).
   251 | D:1      | Reached skill level 3 in Axes
   259 | D:1      | Reached XP level 3. HP: 23/23 MP: 3/3
   858 | D:1      | 858 ||| UPGRADING to ring of protection from cold.
   859 | D:1      | 859 ||| DROPPING ring of flight.
   860 | D:1      | 860 ||| READING 2 scrolls labelled SEMIER ASO.
   863 | D:1      | 863 ||| READING scroll labelled BYNASOS LUEM.
   864 | D:1      | 864 ||| READING scroll labelled NIH SUXKEE.
  1157 | D:2      | Reached XP level 4. HP: 28/28 MP: 4/4
  1238 | D:2      | Reached skill level 4 in Axes
  1319 | D:2      | 1319 ||| Stepping ~*~*~tactically~*~*~ (stealth).
  1744 | D:2      | 1744 ||| UPGRADING to amulet of guardian spirit.
  1749 | D:2      | 1749 ||| READING 2 scrolls labelled ONUWOO CAINNU.
  1750 | D:2      | 1750 ||| READING scroll labelled JEYC QUGETREIS.
  1751 | D:2      | 1751 ||| READING 2 scrolls labelled FYOFABR CIMYIC.
  1752 | D:2      | 1752 ||| READING scroll labelled RIGAEW IRUIKO.
  1753 | D:2      | 1753 ||| DRINKING 4 glowing inky potions.
  1754 | D:2      | 1754 ||| DRINKING 3 metallic brown potions.
  1755 | D:2      | 1755 ||| DROPPING scroll of fear.
  1777 | D:3      | 1777 ||| STAIRDANCE
  1790 | D:3      | Noticed Natasha
  1805 | D:3      | Killed Natasha
  1806 | D:3      | Reached XP level 5. HP: 17/32 MP: 3/5
  1877 | D:3      | 1877 ||| Stepping ~*~*~tactically~*~*~ (hiding).
  1879 | D:3      | 1879 ||| Stepping ~*~*~tactically~*~*~ (hiding).
  1937 | D:3      | Found a faded altar of an unknown god.
  2048 | D:3      | Noticed Natasha
  2049 | D:3      | 2049 ||| Stepping ~*~*~tactically~*~*~ (stealth).
  2050 | D:3      | 2050 ||| Stepping ~*~*~tactically~*~*~ (stealth).
  2052 | D:3      | 2052 ||| FLEEEEING.
  2053 | D:3      | 2053 ||| FLEEEEING.
  2065 | D:3      | Killed Natasha
  2170 | D:3      | 2170 ||| Stepping ~*~*~tactically~*~*~ (hiding).
  2322 | D:3      | Noticed Natasha
  2323 | D:3      | 2323 ||| Stepping ~*~*~tactically~*~*~ (stealth).
  2326 | D:3      | 2326 ||| Stepping ~*~*~tactically~*~*~ (stealth).
  2329 | D:3      | Reached skill level 5 in Axes
  2409 | D:3      | 2409 ||| Stepping ~*~*~tactically~*~*~ (hiding).
  2410 | D:3      | 2410 ||| Stepping ~*~*~tactically~*~*~ (hiding).
  2416 | D:3      | Killed Natasha
  2651 | D:3      | 2651 ||| Stepping ~*~*~tactically~*~*~ (hiding).
  2774 | D:3      | 2774 ||| READING scroll labelled DOLUSI ALABA.
  2775 | D:3      | 2775 ||| READING scroll labelled FERUEN LURIS.
  2776 | D:3      | 2776 ||| READING 2 scrolls of identify.
  2776 | D:3      | 2776 ||| IDENTIFYING orange potion
  2793 | D:3      | 2793 ||| Stepping ~*~*~tactically~*~*~ (stealth).
  2995 | D:4      | Reached skill level 1 in Dodging
  2995 | D:4      | Reached XP level 6. HP: 15/38 MP: 2/6
  3095 | D:4      | Found a shimmering altar of Xom.
  3432 | D:4      | Noticed Duvessa
  3435 | D:4      | Noticed Dowan
  3442 | D:4      | Killed Duvessa
  3445 | D:4      | HP: 9/38 [Dowan/stone arrow (9)]
  3446 | D:4      | 3446 ||| READING 3 scrolls of teleportation.
  3447 | D:4      | 3447 ||| Stepping ~*~*~tactically~*~*~ (hiding).
  3595 | D:4      | 3595 ||| Stepping ~*~*~tactically~*~*~ (stealth).
  3603 | D:4      | 3603 ||| Stepping ~*~*~tactically~*~*~ (hiding).
  3605 | D:4      | Killed Dowan
  3606 | D:4      | Reached skill level 6 in Axes
  3606 | D:4      | Reached XP level 7. HP: 43/43 MP: 7/7
  3717 | D:4      | Found a staircase to the Ecumenical Temple.
  3718 | D:4      | 3718 ||| PLANNING TEMPLE
  3718 | D:4      | 3718 ||| UPGRADING to +0 pair of gloves.
  3723 | D:4      | 3723 ||| UPGRADING to +0 chain mail.
  3733 | D:4      | 3733 ||| DROPPING +0 scale mail.
  3734 | D:4      | 3734 ||| DRINKING 3 inky potions.
  3735 | D:4      | 3735 ||| DROPPING 2 potions of invisibility.
  3744 | Temple   | Entered the Ecumenical Temple
  3744 | Temple   | Found a transporter.
  3744 | Temple   | Found a transporter.
  3746 | Temple   | Found a transporter.
  3746 | Temple   | Found a transporter.
  3756 | Temple   | 3756 ||| PLANNING D:1-11
  3759 | Temple   | 3759 ||| PLANNING OKAWARU WORSHIP
  3764 | Temple   | Became a worshipper of Warmaster Okawaru
  3765 | Temple   | 3765 ||| PLANNING D:1-11
  3765 | Temple   | 3765 ||| REMOVING amulet of guardian spirit.
  3877 | D:5      | Entered Level 5 of the Dungeon
  4539 | D:5      | 4539 ||| UPGRADING to +0 plate armour.
  4549 | D:5      | 4549 ||| DROPPING +0 chain mail.
  4550 | D:5      | 4550 ||| READING scroll labelled KERYNE OPTAE.
  4551 | D:5      | 4551 ||| READING 3 scrolls of identify.
  4551 | D:5      | 4551 ||| IDENTIFYING fuming dark potion
  4552 | D:5      | 4552 ||| READING 2 scrolls of identify.
  4552 | D:5      | 4552 ||| IDENTIFYING viscous puce potion
  4801 | D:6      | Noticed a troll
  4805 | D:6      | Killed a troll
  4805 | D:6      | Reached * piety under Okawaru
  4806 | D:6      | Reached XP level 8. HP: 42/48 MP: 8/8
  4860 | D:6      | Identified the +1 robe of Claustrophobia {Str+3}
  4884 | D:6      | Reached skill level 1 in Invocations
  5013 | D:6      | 5013 ||| INVOKING Heroism.
  5020 | D:6      | Reached skill level 7 in Axes
  5068 | D:6      | Found a sparkling altar of Nemelex Xobeh.
  5116 | D:6      | 5116 ||| INVOKING Heroism.
  5133 | D:6      | 5133 ||| INVOKING Heroism.
  5173 | D:6      | Found a radiant altar of Vehumet.
  5173 | D:6      | Found a basalt altar of Yredelemnul.
  5408 | D:6      | 5408 ||| READING scroll labelled JIDEMI HIGHOLOVU.
  5409 | D:6      | 5409 ||| DRINKING 2 fuming black potions.
  5447 | D:7      | 5447 ||| Stepping ~*~*~tactically~*~*~ (hiding).
  5448 | D:7      | 5448 ||| Stepping ~*~*~tactically~*~*~ (hiding).
  5467 | D:7      | 5467 ||| DROPPING +0 club.
  5495 | D:7      | Noticed a yak
  5495 | D:7      | Noticed a yak
  5498 | D:7      | Noticed a yak
  5498 | D:7      | Noticed a yak
  5499 | D:7      | 5499 ||| Stepping ~*~*~tactically~*~*~ (stealth).
  5503 | D:7      | Noticed a yak
  5510 | D:7      | Killed a yak
  5521 | D:7      | 5521 ||| INVOKING Heroism.
  5523 | D:7      | Killed a yak
  5524 | D:7      | Killed a yak
  5525 | D:7      | Killed a yak
  5526 | D:7      | Reached skill level 8 in Axes
  5526 | D:7      | Reached skill level 3 in Invocations
  5526 | D:7      | Reached XP level 9. HP: 30/54 MP: 7/11
  5696 | D:7      | 5696 ||| INVOKING Heroism.
  5813 | D:7      | 5813 ||| INVOKING Heroism.
  5817 | D:7      | Reached skill level 6 in Fighting
  5956 | D:7      | 5956 ||| INVOKING Heroism.
  6391 | D:7      | Noticed a hornet
  6395 | D:7      | Killed a hornet
  6440 | D:7      | Reached skill level 9 in Axes
  6740 | D:7      | 6740 ||| INVOKING Heroism.
  6857 | D:7      | 6857 ||| UPGRADING to amulet of faith.
  6862 | D:7      | 6862 ||| DROPPING ring of magical power.
  6863 | D:7      | 6863 ||| READING scroll labelled BOAXAR CEUVO.
  6918 | D:8      | 6918 ||| Stepping ~*~*~tactically~*~*~ (stealth).
  6926 | D:8      | Reached ** piety under Okawaru
  6975 | D:8      | 6975 ||| DROPPING +0 hand axe.
  7058 | D:8      | 7058 ||| INVOKING Heroism.
  7062 | D:8      | HP: 14/57 [wyvern (7)]
  7063 | D:8      | 7063 ||| READING 3 scrolls of teleportation.
  7064 | D:8      | 7064 ||| DRINKING 5 potions of heal wounds.
  7068 | D:8      | Reached skill level 6 in Armour
  7234 | D:8      | Noticed a two-headed ogre
  7235 | D:8      | 7235 ||| INVOKING Heroism.
  7248 | D:8      | Killed a two-headed ogre
  7248 | D:8      | Reached *** piety under Okawaru
  7249 | D:8      | Reached XP level 10. HP: 24/63 MP: 11/13
  7377 | D:8      | 7377 ||| DROPPING +2 hand axe of freezing.
  7394 | D:8      | 7394 ||| Stepping ~*~*~tactically~*~*~ (hiding).
  7396 | D:8      | 7396 ||| Stepping ~*~*~tactically~*~*~ (hiding).
  7400 | D:8      | 7400 ||| INVOKING Heroism.
  7412 | D:8      | Reached skill level 10 in Axes
  7593 | D:8      | 7593 ||| Stepping ~*~*~tactically~*~*~ (stealth).
  7867 | D:8      | 7867 ||| DRINKING 3 purple potions.
  7868 | D:8      | 7868 ||| DROPPING 2 potions of brilliance.
  7897 | D:9      | Found a sacrificial altar of Ru.
  7956 | D:9      | Noticed a sun demon
  7957 | D:9      | 7957 ||| Stepping ~*~*~tactically~*~*~ (hiding).
  7958 | D:9      | 7958 ||| Stepping ~*~*~tactically~*~*~ (hiding).
  7959 | D:9      | 7959 ||| Stepping ~*~*~tactically~*~*~ (hiding).
  7960 | D:9      | 7960 ||| Stepping ~*~*~tactically~*~*~ (hiding).
  7961 | D:9      | 7961 ||| Stepping ~*~*~tactically~*~*~ (hiding).
  7962 | D:9      | 7962 ||| INVOKING Heroism.
  7976 | D:9      | Killed a sun demon
  7981 | D:9      | 7981 ||| INVOKING Heroism.
  7992 | D:9      | 7992 ||| FLEEEEING.
  7993 | D:9      | 7993 ||| FLEEEEING.
  7994 | D:9      | 7994 ||| FLEEEEING.
  7995 | D:9      | 7995 ||| STAIRDANCE
  8111 | D:9      | 8111 ||| STAIRDANCE
  8217 | D:9      | 8217 ||| INVOKING Heroism.
  8234 | D:9      | 8234 ||| INVOKING Heroism.
  8241 | D:9      | Reached **** piety under Okawaru
  8244 | D:9      | Found a staircase to the Lair.
  8258 | D:9      | 8258 ||| INVOKING Heroism.
  8411 | D:9      | 8411 ||| INVOKING Heroism.
  8423 | D:9      | Reached skill level 11 in Axes
  8477 | D:9      | Noticed a two-headed ogre
  8478 | D:9      | 8478 ||| INVOKING Heroism.
  8485 | D:9      | Killed a two-headed ogre
  8485 | D:9      | Received a gift from Okawaru
  8486 | D:9      | Reached XP level 11. HP: 56/69 MP: 11/15
  8874 | D:9      | Gained mutation: You are weak. (Str -2) [a neqoxec]
  8878 | D:9      | Gained mutation: You occasionally lose the ability to drink
                  | potions when taking damage. [a neqoxec]
  8913 | D:9      | 8913 ||| DRINKING potion of mutation.
  8913 | D:9      | Lost mutation: You occasionally lose the ability to drink
                  | potions when taking damage. [potion of mutation]
  8913 | D:9      | Lost mutation: You are weak. (Str -2) [potion of mutation]
  8913 | D:9      | Gained mutation: You are clumsy. (Dex -2) [potion of
                  | mutation]
  8913 | D:9      | Gained mutation: You have sharp toenails. [potion of
                  | mutation]
  8929 | D:9      | Noticed a sun demon
  8929 | D:9      | Noticed a sun demon
  8930 | D:9      | 8930 ||| Stepping ~*~*~tactically~*~*~ (hiding).
  8931 | D:9      | 8931 ||| INVOKING Heroism.
  8936 | D:9      | HP: 13/69 [sun demon (16)]
  8937 | D:9      | 8937 ||| READING 2 scrolls of teleportation.
  8938 | D:9      | 8938 ||| DRINKING 4 potions of heal wounds.
  9157 | D:9      | Reached skill level 6 in Invocations
  9159 | D:9      | 9159 ||| INVOKING Heroism.
  9185 | D:9      | Reached skill level 3 in Throwing
  9313 | D:9      | 9313 ||| PLANNING LAIR
  9313 | D:9      | 9313 ||| UPGRADING to ring of see invisible.
  9314 | D:9      | 9314 ||| READING 2 scrolls of identify.
  9314 | D:9      | 9314 ||| IDENTIFYING black potion
  9322 | D:9      | 9322 ||| Stepping ~*~*~tactically~*~*~ (stealth).
  9323 | D:9      | 9323 ||| INVOKING Heroism.
  9333 | D:9      | Killed a sun demon
  9399 | Lair:1   | Entered Level 1 of the Lair of Beasts
  9406 | Lair:1   | Received a gift from Okawaru
  9443 | Lair:1   | 9443 ||| INVOKING Heroism.
  9444 | Lair:1   | 9444 ||| Stepping ~*~*~tactically~*~*~ (water).
  9453 | Lair:1   | Reached skill level 9 in Fighting
  9474 | Lair:1   | 9474 ||| INVOKING Heroism.
  9512 | Lair:1   | Noticed a boulder beetle
  9513 | Lair:1   | 9513 ||| INVOKING Heroism.
  9538 | Lair:1   | Killed a boulder beetle
  9701 | Lair:1   | 9701 ||| Stepping ~*~*~tactically~*~*~ (stealth).
  9704 | Lair:1   | 9704 ||| Stepping ~*~*~tactically~*~*~ (stealth).
  9705 | Lair:1   | 9705 ||| Stepping ~*~*~tactically~*~*~ (stealth).
  9714 | Lair:1   | Received a gift from Okawaru
  9723 | Lair:1   | 9723 ||| INVOKING Heroism.
  9863 | Lair:1   | 9863 ||| INVOKING Heroism.
  9959 | Lair:1   | 9959 ||| INVOKING Heroism.
  9963 | Lair:1   | Received a gift from Okawaru
 10147 | Lair:1   | 10147 ||| INVOKING Heroism.
 10308 | Lair:1   | 10308 ||| INVOKING Heroism.
 10325 | Lair:1   | Reached skill level 9 in Invocations
 10331 | Lair:1   | Received a gift from Okawaru
 10696 | Lair:1   | 10696 ||| DRINKING 2 ruby potions.
 10706 | Lair:2   | Reached XP level 12. HP: 75/76 MP: 18/18
 10709 | Lair:2   | 10709 ||| STAIRDANCE
 10714 | Lair:1   | 10714 ||| INVOKING Heroism.
 10818 | Lair:2   | 10818 ||| STAIRDANCE
 10821 | Lair:1   | 10821 ||| INVOKING Heroism.
 10860 | Lair:2   | 10860 ||| Stepping ~*~*~tactically~*~*~ (stealth).
 10863 | Lair:2   | 10863 ||| INVOKING Heroism.
 10874 | Lair:2   | 10874 ||| Stepping ~*~*~tactically~*~*~ (stealth).
 10886 | Lair:2   | 10886 ||| Stepping ~*~*~tactically~*~*~ (stealth).
 10902 | Lair:2   | Reached skill level 12 in Axes
 11047 | Lair:2   | 11047 ||| Stepping ~*~*~tactically~*~*~ (hiding).
 11058 | Lair:2   | 11058 ||| INVOKING Heroism.
 11060 | Lair:2   | Found a staircase to the Shoals.
 11156 | Lair:2   | 11156 ||| Stepping ~*~*~tactically~*~*~ (stealth).
 11158 | Lair:2   | 11158 ||| Stepping ~*~*~tactically~*~*~ (stealth).
 11159 | Lair:2   | 11159 ||| INVOKING Heroism.
 11391 | Lair:2   | Found a hole to the Spider Nest.
 11413 | Lair:2   | Received a gift from Okawaru
 11806 | Lair:2   | Reached skill level 6 in Shields
 11933 | Lair:2   | 11933 ||| UPGRADING to +0 helmet.
 11938 | Lair:2   | 11938 ||| READING scroll labelled FOIGOI VEJOWI.
 11939 | Lair:2   | 11939 ||| READING scroll labelled REMUTIL VO IGA.
 11939 | Lair:2   | Identified a scroll of acquirement
 11939 | Lair:2   | 11939 ||| ACQUIRING +2 pair of gloves of the Heavens
                  | {*Corrode +Blink rPois Str+2}
 11939 | Lair:2   | Acquired the +2 pair of gloves of the Heavens {*Corrode
                  | +Blink rPois Str+2}
 11941 | Lair:2   | 11941 ||| UPGRADING to +2 pair of gloves of the Heavens
                  | {*Corrode +Blink rPois Str+2}.
 11951 | Lair:2   | 11951 ||| DROPPING +0 pair of gloves.
 11992 | Lair:3   | 11992 ||| INVOKING Heroism.
 12056 | Lair:3   | Received a gift from Okawaru
 12395 | Lair:3   | 12395 ||| INVOKING Heroism.
 12397 | Lair:3   | 12397 ||| Stepping ~*~*~tactically~*~*~ (stealth).
 12398 | Lair:3   | 12398 ||| Stepping ~*~*~tactically~*~*~ (stealth).
 12485 | Lair:3   | Noticed a six-headed hydra
 12486 | Lair:3   | 12486 ||| INVOKING Heroism.
 12487 | Lair:3   | 12487 ||| SWAPPING to +0 flail.
 12499 | Lair:3   | HP: 17/77 [six-headed hydra (3)]
 12500 | Lair:3   | 12500 ||| READING 2 scrolls of teleportation.
 12501 | Lair:3   | 12501 ||| DRINKING 3 potions of heal wounds.
 12505 | Lair:3   | 12505 ||| SWAPPING to +0 war axe of draining.
 12713 | Lair:3   | 12713 ||| Stepping ~*~*~tactically~*~*~ (stealth).
 12714 | Lair:3   | 12714 ||| Stepping ~*~*~tactically~*~*~ (stealth).
 12716 | Lair:3   | 12716 ||| INVOKING Heroism.
 12719 | Lair:3   | 12719 ||| SWAPPING to +0 flail.
 12722 | Lair:3   | Killed a six-headed hydra
 12723 | Lair:3   | 12723 ||| SWAPPING to +0 war axe of draining.
 12826 | Lair:3   | Noticed a death yak
 12827 | Lair:3   | 12827 ||| INVOKING Heroism.
 12828 | Lair:3   | Noticed a death yak
 12829 | Lair:3   | 12829 ||| Stepping ~*~*~tactically~*~*~ (stealth).
 12831 | Lair:3   | Noticed a death yak
 12831 | Lair:3   | Noticed a death yak
 12833 | Lair:3   | Noticed a death yak
 12837 | Lair:3   | Noticed a death yak
 12843 | Lair:3   | Killed a death yak
 12845 | Lair:3   | Killed a death yak
 12846 | Lair:3   | Reached skill level 9 in Armour
 12850 | Lair:3   | Killed a death yak
 12857 | Lair:3   | Killed a death yak
 12857 | Lair:3   | Reached ***** piety under Okawaru
 12857 | Lair:3   | Received a gift from Okawaru
 12858 | Lair:3   | 12858 ||| INVOKING Finesse.
 12859 | Lair:3   | 12859 ||| INVOKING Heroism.
 12860 | Lair:3   | Killed a death yak
 13161 | Lair:4   | Reached XP level 13. HP: 66/82 MP: 20/20
 13228 | Lair:4   | 13228 ||| INVOKING Heroism.
 13236 | Lair:4   | Reached skill level 13 in Axes
 13529 | Lair:4   | 13529 ||| Stepping ~*~*~tactically~*~*~ (stealth).
 13530 | Lair:4   | 13530 ||| Stepping ~*~*~tactically~*~*~ (stealth).
 13532 | Lair:4   | 13532 ||| Stepping ~*~*~tactically~*~*~ (stealth).
 13534 | Lair:4   | 13534 ||| Stepping ~*~*~tactically~*~*~ (stealth).
 13535 | Lair:4   | 13535 ||| Stepping ~*~*~tactically~*~*~ (stealth).
 13538 | Lair:4   | 13538 ||| INVOKING Heroism.
 14054 | Lair:4   | 14054 ||| READING scroll labelled POG XIYRIRRA.
 14124 | Lair:5   | Entered Level 5 of the Lair of Beasts
 14184 | Lair:5   | 14184 ||| Stepping ~*~*~tactically~*~*~ (hiding).
 14297 | Lair:5   | 14297 ||| Stepping ~*~*~tactically~*~*~ (hiding).
 14437 | Lair:5   | 14437 ||| Stepping ~*~*~tactically~*~*~ (stealth).
 14568 | Lair:5   | 14568 ||| INVOKING Heroism.
 14569 | Lair:5   | 14569 ||| INVOKING Finesse.
 14587 | Lair:5   | Reached skill level 14 in Axes
 14688 | Lair:5   | 14688 ||| Stepping ~*~*~tactically~*~*~ (stealth).
 14689 | Lair:5   | 14689 ||| Stepping ~*~*~tactically~*~*~ (stealth).
 14691 | Lair:5   | 14691 ||| Stepping ~*~*~tactically~*~*~ (stealth).
 14693 | Lair:5   | 14693 ||| INVOKING Heroism.
 14694 | Lair:5   | 14694 ||| SWAPPING to +0 flail.
 14695 | Lair:5   | 14695 ||| INVOKING Finesse.
 14720 | Lair:5   | 14720 ||| SWAPPING to +0 war axe of draining.
 14776 | Lair:5   | 14776 ||| INVOKING Heroism.
 14778 | Lair:5   | 14778 ||| Stepping ~*~*~tactically~*~*~ (stealth).
 14816 | Lair:5   | 14816 ||| Stepping ~*~*~tactically~*~*~ (stealth).
 14817 | Lair:5   | 14817 ||| INVOKING Heroism.
 14841 | Lair:5   | 14841 ||| INVOKING Finesse.
 14847 | Lair:5   | Received a gift from Okawaru
 14867 | Lair:5   | 14867 ||| INVOKING Heroism.
 14895 | Lair:5   | 14895 ||| Stepping ~*~*~tactically~*~*~ (stealth).
 14901 | Lair:5   | 14901 ||| Stepping ~*~*~tactically~*~*~ (hiding).
 14904 | Lair:5   | 14904 ||| INVOKING Heroism.
 14919 | Lair:5   | Received a gift from Okawaru
 14922 | Lair:5   | Noticed a dire elephant
 14923 | Lair:5   | 14923 ||| Stepping ~*~*~tactically~*~*~ (stealth).
 14928 | Lair:5   | 14928 ||| Stepping ~*~*~tactically~*~*~ (stealth).
 14979 | Lair:5   | 14979 ||| INVOKING Heroism.
 14990 | Lair:5   | 14990 ||| Stepping ~*~*~tactically~*~*~ (stealth).
 14997 | Lair:5   | 14997 ||| INVOKING Heroism.
 15002 | Lair:5   | Killed a dire elephant
 15004 | Lair:5   | 15004 ||| Stepping ~*~*~tactically~*~*~ (stealth).
 15213 | Lair:5   | 15213 ||| READING scroll of enchant armour.
 15213 | Lair:5   | 15213 ||| ENCHANTING +0 helmet.
 15221 | Lair:5   | 15221 ||| Stepping ~*~*~tactically~*~*~ (hiding).
 15223 | Lair:5   | 15223 ||| Stepping ~*~*~tactically~*~*~ (hiding).
 15224 | Lair:5   | 15224 ||| Stepping ~*~*~tactically~*~*~ (hiding).
 15282 | Lair:5   | 15282 ||| Stepping ~*~*~tactically~*~*~ (stealth).
 15283 | Lair:5   | 15283 ||| INVOKING Heroism.
 15664 | Lair:5   | Found a viscous altar of Jiyva.
 15664 | Lair:5   | Found a staircase to the Slime Pits.
 15669 | Lair:5   | 15669 ||| Stepping ~*~*~tactically~*~*~ (stealth).
 15848 | Lair:5   | 15848 ||| PLANNING D:1-11
 15848 | Lair:5   | 15848 ||| UPGRADING to +2 pair of boots.
 15853 | Lair:5   | 15853 ||| READING 8 scrolls of identify.
 15853 | Lair:5   | 15853 ||| IDENTIFYING fizzy green potion
 15981 | D:10     | Entered Level 10 of the Dungeon
 16082 | D:10     | 16082 ||| Stepping ~*~*~tactically~*~*~ (hiding).
 16088 | D:10     | 16088 ||| INVOKING Heroism.
 16092 | D:10     | Reached skill level 6 in Throwing
 16095 | D:10     | Noticed Erolcha
 16096 | D:10     | 16096 ||| INVOKING Finesse.
 16101 | D:10     | Received a gift from Okawaru
 16114 | D:10     | Killed Erolcha
 16115 | D:10     | Gained mutation: Your large and strong wings let you fly.
                  | [Gargoyle growth]
 16115 | D:10     | Reached XP level 14. HP: 47/90 MP: 15/21
 16260 | D:10     | 16260 ||| Stepping ~*~*~tactically~*~*~ (stealth).
 16262 | D:10     | 16262 ||| Stepping ~*~*~tactically~*~*~ (stealth).
 16284 | D:10     | 16284 ||| Stepping ~*~*~tactically~*~*~ (stealth).
 16284 | D:10     | Found a staircase to the Orcish Mines.
 16285 | D:10     | 16285 ||| Stepping ~*~*~tactically~*~*~ (stealth).
 16286 | D:10     | 16286 ||| Stepping ~*~*~tactically~*~*~ (stealth).
 16288 | D:10     | 16288 ||| Stepping ~*~*~tactically~*~*~ (stealth).
 16296 | D:10     | 16296 ||| DRINKING 6 potions of curing.
 16296 | D:10     | 16296 ||| (to cure confusion)
 16305 | D:10     | 16305 ||| Stepping ~*~*~tactically~*~*~ (stealth).
 16369 | D:10     | Noticed Maggie
 16377 | D:10     | Killed Maggie
 16440 | D:10     | Found a runed translucent door.
 16442 | D:10     | Noticed qw's ghost (journeyman GrFi)
 16445 | D:10     | 16445 ||| DRINKING 5 potions of curing.
 16445 | D:10     | 16445 ||| (to cure confusion)
 16446 | D:10     | 16446 ||| Stepping ~*~*~tactically~*~*~ (hiding).
 16447 | D:10     | 16447 ||| Stepping ~*~*~tactically~*~*~ (hiding).
 16460 | D:10     | 16460 ||| Stepping ~*~*~tactically~*~*~ (stealth).
 16466 | D:10     | 16466 ||| Stepping ~*~*~tactically~*~*~ (stealth).
 16470 | D:10     | 16470 ||| Stepping ~*~*~tactically~*~*~ (hiding).
 16742 | D:10     | 16742 ||| Stepping ~*~*~tactically~*~*~ (hiding).
 16768 | D:10     | 16768 ||| DROPPING +0 flail.
 16831 | D:10     | Identified the +5 longbow of Bloodstone {freeze, rC+}
                  | (Okawaru gifted it to you on level 10 of the Dungeon)
 16831 | D:10     | Received a gift from Okawaru
 17043 | D:10     | 17043 ||| DROPPING scarf of shadows.
 17044 | D:10     | 17044 ||| READING 8 scrolls of identify.
 17044 | D:10     | 17044 ||| IDENTIFYING glowing puce potion
 17045 | D:10     | 17045 ||| DROPPING potion of degeneration.
 17065 | D:11     | 17065 ||| Stepping ~*~*~tactically~*~*~ (hiding).
 17066 | D:11     | 17066 ||| Stepping ~*~*~tactically~*~*~ (hiding).
 17087 | D:11     | 17087 ||| Stepping ~*~*~tactically~*~*~ (hiding).
 17100 | D:11     | 17100 ||| Stepping ~*~*~tactically~*~*~ (hiding).
 17278 | D:11     | 17278 ||| Stepping ~*~*~tactically~*~*~ (hiding).
 17403 | D:11     | 17403 ||| Stepping ~*~*~tactically~*~*~ (hiding).
 17405 | D:11     | 17405 ||| Stepping ~*~*~tactically~*~*~ (hiding).
 17407 | D:11     | 17407 ||| Stepping ~*~*~tactically~*~*~ (hiding).
 17409 | D:11     | 17409 ||| Stepping ~*~*~tactically~*~*~ (hiding).
 17462 | D:11     | Reached skill level 15 in Axes
 17807 | D:11     | You are sucked into a shaft and drop 1 floor!
 18168 | D:11     | 18168 ||| PLANNING D
 18204 | D:12     | Identified the +5 long sword of Innocence {freeze, rElec
                  | rF+ Str+2}
 18376 | D:12     | 18376 ||| Stepping ~*~*~tactically~*~*~ (stealth).
 18389 | D:12     | 18389 ||| Stepping ~*~*~tactically~*~*~ (hiding).
 18391 | D:12     | 18391 ||| Stepping ~*~*~tactically~*~*~ (hiding).
 18402 | D:12     | 18402 ||| INVOKING Heroism.
 18557 | D:12     | 18557 ||| SWAPPING to +1 vampiric war axe.
 18569 | D:12     | 18569 ||| INVOKING Heroism.
 18594 | D:12     | 18594 ||| Stepping ~*~*~tactically~*~*~ (hiding).
 18607 | D:12     | 18607 ||| INVOKING Heroism.
 18908 | D:12     | 18908 ||| Stepping ~*~*~tactically~*~*~ (hiding).
 18932 | D:12     | 18932 ||| INVOKING Heroism.
 19023 | D:12     | 19023 ||| Stepping ~*~*~tactically~*~*~ (stealth).
 19028 | D:12     | 19028 ||| Stepping ~*~*~tactically~*~*~ (stealth).
 19063 | D:12     | Noticed Josephine
 19098 | D:12     | Killed Josephine
 19102 | D:12     | 19102 ||| FLEEEEING.
 19105 | D:12     | 19105 ||| Stepping ~*~*~tactically~*~*~ (stealth).
 19221 | D:12     | 19221 ||| UPGRADING to +0 cloak.
 19226 | D:12     | 19226 ||| READING scroll labelled EDE UROHULEON.
 19322 | D:13     | Reached skill level 12 in Fighting
 19479 | D:13     | 19479 ||| Stepping ~*~*~tactically~*~*~ (stealth).
 19481 | D:13     | 19481 ||| Stepping ~*~*~tactically~*~*~ (hiding).
 19483 | D:13     | 19483 ||| Stepping ~*~*~tactically~*~*~ (hiding).
 19503 | D:13     | Identified the +7 scimitar of Departure {pain, rElec}
                  | (Okawaru gifted it to you on level 13 of the Dungeon)
 19503 | D:13     | Received a gift from Okawaru
 19567 | D:13     | 19567 ||| Stepping ~*~*~tactically~*~*~ (hiding).
 19681 | D:13     | 19681 ||| INVOKING Heroism.
 20030 | D:13     | 20030 ||| INVOKING Heroism.
 20531 | D:14     | Reached skill level 12 in Armour
 20711 | D:14     | 20711 ||| INVOKING Heroism.
 20891 | D:14     | Found Iganohum's Assorted Antiques.
 20894 | D:14     | 20894 ||| BUYING potion of attraction (117 gold).
 20894 | D:14     | Bought a potion of attraction for 117 gold pieces
 20894 | D:14     | 20894 ||| BUYING potion of enlightenment (195 gold).
 20894 | D:14     | Bought a potion of enlightenment for 195 gold pieces
 20894 | D:14     | 20894 ||| BUYING scroll of enchant armour (292 gold).
 20894 | D:14     | Bought a scroll of enchant armour for 292 gold pieces
 20894 | D:14     | 20894 ||| BUYING scroll of enchant weapon (292 gold).
 20894 | D:14     | Bought a scroll of enchant weapon for 292 gold pieces
 20894 | D:14     | 20894 ||| BUYING shiny chain mail (292 gold).
 20894 | D:14     | Bought a shiny chain mail for 292 gold pieces
 20894 | D:14     | 20894 ||| READING scroll of enchant armour.
 20894 | D:14     | 20894 ||| ENCHANTING +1 helmet.
 20895 | D:14     | 20895 ||| READING scroll of enchant weapon.
 20895 | D:14     | 20895 ||| ENCHANTING +1 vampiric war axe.
 20917 | D:14     | 20917 ||| INVOKING Heroism.
 20918 | D:14     | 20918 ||| INVOKING Finesse.
 20972 | D:14     | Found a gate to the Vaults.
 21081 | D:14     | 21081 ||| Stepping ~*~*~tactically~*~*~ (hiding).
 21095 | D:14     | 21095 ||| INVOKING Heroism.
 21174 | D:14     | 21174 ||| INVOKING Heroism.
 21211 | D:14     | 21211 ||| FLEEEEING.
 21212 | D:14     | 21212 ||| FLEEEEING.
 21219 | D:14     | 21219 ||| FLEEEEING.
 21234 | D:14     | 21234 ||| FLEEEEING.
 21235 | D:14     | 21235 ||| FLEEEEING.
 21249 | D:14     | 21249 ||| FLEEEEING.
 21259 | D:14     | 21259 ||| STAIRDANCE
 21307 | D:13     | 21307 ||| DROPPING +1 chain mail of poison resistance.
 21320 | D:14     | 21320 ||| Stepping ~*~*~tactically~*~*~ (hiding).
 21444 | D:14     | 21444 ||| INVOKING Heroism.
 21462 | D:14     | 21462 ||| INVOKING Heroism.
 21478 | D:14     | HP: 19/92 [meliai/divine providence (12)]
 21478 | D:14     | HP: 9/92 [meliai/divine providence (10)]
 21478 | D:14     | Killed from afar by a meliai

Levels and vault maps discovered:
D:1:      dpeg_arrival_water_fire, layout_basic, minmay_misc_feat_doors,
          solitary_fountain
D:2:      layout_loops_cross, kennysheep_generic_room_13
D:3:      layout_loops_ring, basic_ecumenical_altar, uniq_natasha
D:4:      layout_gridville, lemuel_doored_altar,
          minmay_temple_entry_drinking_statues, uniq_duvessa
D:5:      layout_loops_cross, hangedman_decor_push, minmay_misc_feat_five
D:6:      layout_basic, nemelex_xobeh_ov_fountains_minmay,
          gammafunk_temple_overflow_wave
D:7:      layout_layer_cave
D:8:      layout_basic, serial_corexii_hall, corexii_hall_statues_x,
          chequers_hall_statues_y, dreamdust_wishing_well,
          kennysheep_generic_room_15
D:9:      layout_roguey, mainiacjoe_overflow_24_doors, erik_lair_island,
          serial_demonic, serial_demonic_b, serial_demonic_a, serial_demonic_b,
          serial_demonic_b
D:10:     layout_irregular_city, erik_orc_3, serial_bayou, serial_bayou_ford_a,
          serial_bayou_pond_e, serial_bayou_lagoon_a, serial_bayou_pond_e,
          ebering_ghost_inner_flame, uniq_maggie, uniq_erolcha
D:11:     layout_basic
D:12:     layout_basic, uniq_josephine
D:13:     layout_stronghold
D:14:     layout_basic, david_vaults_4, special_room [special_room_bee],
          serial_shops, nicolae_shop_behind_doors, grunt_decor_fettered
Temple:   hellmonk_temple_divided_pantheon
Lair:1:   layout_regular_city, chequers_serial_rivers_micro_e,
          grunt_megastairs_5, infiniplex_staircase_pool_2, lemuel_fruit_tree
Lair:2:   layout_cellular_growth, minmay_shoals_entry_beasts,
          dummy_spider_entry, beast_lair_carwin_1
Lair:3:   layout_chaotic_city
Lair:4:   layout_regular_city
Lair:5:   grunt_lair_end_beastmaster, layout_concentric_octagons, slime_entry_1

Skill      XL: |  1  2  3  4  5  6  7  8  9 10 11 12 13 14 |
---------------+-------------------------------------------+-----
Axes           | 2 3 4 5 6 8 9 11 12 14 15 | 15.6
Fighting       | 4 5 7 8 9 10 11 12 | 12.0
Dodging        | 1 2 |  2.1
Armour         | 5 6 7 9 10 12 | 12.0
Invocations    | 3 4 5 9 10 | 10.0
Throwing       | 2 4 5 6 |  6.0
Shields        | 4 5 6 7 |  7.3

Action                     |  1- 3 |  4- 6 |  7- 9 | 10-12 | 13-15 || total
---------------------------+-------+-------+-------+-------+-------++-------
  Melee: War axe           |   109 |   197 |   217 |   464 |   753 ||  1740
         Kick              |       |       |       |   113 |    76 ||   189
         Flail             |       |       |       |    18 |    23 ||    41
  Throw: Boomerang         |       |    15 |    75 |    54 |    11 ||   155
         Javelin           |       |       |       |    78 |   153 ||   231
 Invoke: Heroism           |       |       |    10 |    30 |    24 ||    64
         Finesse           |       |       |       |     1 |     5 ||     6
    Use: Scroll            |     3 |     8 |     6 |     5 |     7 ||    29
         Potion            |       |     2 |     3 |     5 |     2 ||    12
   Stab: Petrified         |       |       |       |       |     1 ||     1
 Armour: Scale mail        |    64 |    88 |       |       |       ||   152
         Chain mail        |       |       |    27 |       |       ||    27
         Plate armour      |       |       |   100 |   376 |   535 ||  1011
  Dodge: Dodged            |    56 |    87 |    69 |   169 |   247 ||   628
  Block: Buckler           |    20 |    27 |    35 |   113 |   128 ||   323

Table legend:
 A = Non-vault XP
 B = Vault XP
 C = Vault XP percentage of total XP
 D = Non-vault monster count
 E = Vault monster count
 F = Vault count percentage of total count
                 A         B        C        D         E       F
            +---------+---------+-------+---------+---------+-------
      Total |   59214 |   23755 |  28.6 |     374 |      91 |  19.6
            +---------+---------+-------+---------+---------+-------
        D:1 |      48 |       0 |   0.0 |      29 |       0 |   0.0
        D:2 |      83 |       3 |   3.5 |      28 |       2 |   6.7
        D:3 |     115 |      36 |  23.8 |      18 |       1 |   5.3
        D:4 |     133 |     214 |  61.7 |      16 |       2 |  11.1
        D:5 |     191 |       0 |   0.0 |      11 |       0 |   0.0
        D:6 |     854 |       0 |   0.0 |      12 |       0 |   0.0
        D:7 |    2285 |       0 |   0.0 |      23 |       0 |   0.0
        D:8 |    1643 |     455 |  21.7 |      15 |       3 |  16.7
        D:9 |    2502 |    3168 |  55.9 |      17 |      14 |  45.2
       D:10 |    2377 |    1549 |  39.5 |      27 |      13 |  32.5
       D:11 |    2901 |       0 |   0.0 |      20 |       0 |   0.0
       D:12 |    6547 |    1538 |  19.0 |      26 |       4 |  13.3
       D:13 |    6194 |       0 |   0.0 |      16 |       0 |   0.0
       D:14 |    5332 |    3630 |  40.5 |      16 |      17 |  51.5
     Lair:1 |    5104 |    2325 |  31.3 |      20 |       9 |  31.0
     Lair:2 |    2722 |    1534 |  36.0 |      16 |       7 |  30.4
     Lair:3 |    8177 |       0 |   0.0 |      22 |       0 |   0.0
     Lair:4 |    3176 |       0 |   0.0 |      14 |       0 |   0.0
     Lair:5 |    8830 |    9303 |  51.3 |      28 |      19 |  40.4
            +---------+---------+-------+---------+---------+-------
